 Dungeon Crawl Stone Soup version 0.31-a0-277-g31ea1f65cc (webtiles) character file.

Game seed: 7527245811371364124

1984310 Flugkiller the Intangible (level 27, 171/267 (293) HPs)
             Began as an Octopode Shapeshifter on July 15, 2023.
             Was the Champion of Ru.
             Escaped with the Orb
             ... and 3 runes!
             The game lasted 01:10:34 (48939 turns).

Flugkiller the Intangible (Octopode Shapeshifter)  Turns: 48939, Time: 01:10:35

HP:   171/267 (293) AC: 44    Str: 16    XL:     27
MP:   16/16         EV: 55    Int:  6    God:    Ru [******]
Gold: 4251          SH:  0    Dex: 41    Spells: 26/26 levels left

rFire   + +          .
                       - Unarmed
rCold   + . .        y - +2 hat {Stlth+}
rNeg    + + .        Y - amulet "Koho" {Acrobat rC+ Regen+ Stlth-}
rPois   ∞            m - ring of willpower
rElec   +            R - +6 ring of dexterity
rCorr   +            p - +4 ring of protection
SInv    +            N - ring of Dim Light {Fly rF++ rCorr Dex+4}
Will    +++..        K - ring "Touzotom" {rN+ Str+4 Dex+2 SInv} Stlth
                     U - +6 ring of dexterity
HPRegen 2.24/turn    j - +4 ring of slaying
MPRegen 0.15/turn

%: random rage (9%), acrobat
@: statue-form, on berserk cooldown, flying, slowed, studying 2 skills, drained,
unable to drink, very slow
A: slow and powerful, torment resistance 1, boosted hp, almost no armour,
amphibious, 7 rings, camouflage 1, low MP 3, (gelatinous body 1), missing a
hand, no stealth, hated by all, no earth magic, no translocations magic, no
transmutations magic, (nimble swimmer 1), tentacles, antennae 1, berserk 2,
clumsy 2, deterioration 2, dopey 2, regeneration 1, robust 1, screaming 1, weak
1, no potion heal 1, inability to drink after injury 2, inability to read after
injury 1
0: Orb of Zot
}: 3/15 runes: decaying, serpentine, slimy
a: Begin Untransformation, Renounce Religion, Draw Out Power, Power Leap,
Apocalypse


You escaped.
You worshipped Ru.
Ru was exalted by your worship.
You were a living statue of rough stone.
You visited 10 branches of the dungeon, and saw 49 of its levels.
You also visited: Bailey and Gauntlet.

You collected 5216 gold pieces.
You spent 965 gold pieces at shops.

Inventory:

Missiles
 g - 5 throwing nets (quivered)
 A - 4 curare-tipped darts
Armour
 y - a +2 hat of stealth (worn)
   (You found it in a Gauntlet)
Jewellery
 f - a ring of protection from fire
   (You found it on level 2 of the Vaults)
 i - a ring of see invisible
   (You found it on level 3 of the Dungeon)
 j - a +4 ring of slaying (on tentacle)
   (You bought it in a shop on level 3 of the Snake Pit)
 m - a ring of willpower (left tentacle)
   (You found it on level 1 of the Dungeon)
 p - a +4 ring of protection (on tentacle)
   (You found it on level 12 of the Dungeon)
 v - a ring of wizardry
   (You took it off a draconian shifter on level 3 of the Realm of Zot)
 K - the ring "Touzotom" (on tentacle) {rN+ Str+4 Dex+2 SInv}
   (You bought it in a shop on level 2 of the Orcish Mines)

   [ring of see invisible]

   Str:       It affects your strength (+4).
   Dex:       It affects your dexterity (+2).
   rN:        It protects you from negative energy.
   SInv:      It lets you see invisible.
 N - the ring of Dim Light (on tentacle) {Fly rF++ rCorr Dex+4}
   (You found it in a Gauntlet)

   [ring of flight]

   Dex:       It affects your dexterity (+4).
   rF:        It greatly protects you from fire.
   Fly:       It grants you flight.
   rCorr:     It protects you from acid and corrosion.
 R - a +6 ring of dexterity (right tentacle)
   (You found it on level 3 of the Vaults)
 U - a +6 ring of dexterity (on tentacle)
   (You found it on level 15 of the Dungeon)
 V - the ring of Yendor {Fly rC+ rN+}
   (You bought it in a shop on level 2 of the Orcish Mines)

   [ring of flight]

   rC:        It protects you from cold.
   rN:        It protects you from negative energy.
   Fly:       It grants you flight.
 W - a +6 ring of dexterity
   (You found it on level 5 of the Pits of Slime)
 X - a ring of ice
   (You found it on level 2 of the Depths)
 Y - the amulet "Koho" (around mantle) {Acrobat rC+ Regen+ Stlth-}
   (You found it on level 3 of the Depths)

   [amulet of the acrobat]

   It increases your evasion while moving and waiting.
   rC:        It protects you from cold.
   Regen:     It increases your rate of health regeneration.
   Stlth:     It makes you less stealthy.
Talismans
 b - a beast talisman
 c - a maw talisman
   (You found it on level 4 of the Dungeon)
 P - a granite talisman
   (You found it on level 13 of the Dungeon)
Wands
 u - a wand of quicksilver (29)
   (You found it on level 8 of the Dungeon)
 B - a wand of polymorph (27)
   (You took it off Pikel on level 7 of the Dungeon)
 C - a wand of digging (30)
   (You found it on level 7 of the Dungeon)
 D - a wand of mindburst (32)
   (You took it off a kobold on level 8 of the Dungeon)
 H - a wand of iceblast (44)
   (You found it in a Gauntlet)
 L - a wand of flame (40)
   (You found it on level 10 of the Dungeon)
Scrolls
 k - 10 scrolls of immolation
 l - 8 scrolls of vulnerability
 s - 10 scrolls of fog
 t - 11 scrolls of teleportation
 z - 3 scrolls of blinking
 E - 3 scrolls of fear
 J - 7 scrolls of poison
 O - 7 scrolls of revelation
 Q - a scroll of silence
Potions
 a - 3 potions of invisibility
 d - 5 potions of might
 e - 6 potions of brilliance
 h - 4 potions of haste
 n - 4 potions of resistance
 o - a potion of ambrosia
 q - 19 potions of curing
 w - 12 potions of heal wounds
 x - 3 potions of berserk rage
 F - 4 potions of lignification
 G - 6 potions of mutation
 I - a potion of magic
 S - 3 potions of cancellation
 T - 8 potions of enlightenment
Miscellaneous
 r - a lightning rod (4/4)
   (You found it in a Gauntlet)
 M - a condenser vane
   (You found it on level 4 of the Lair of Beasts)


   Skills:
 + Level 21.5 Fighting
 O Level 27 Dodging
   Level 0.0 Shields
 - Level 22.0 Unarmed Combat
 - Level 8.0 Evocations
 - Level 23.0 Shapeshifting


You had 26 spell levels left.
You didn't know any spells.
Your spell library contained the following spells:

 Spells                   Type           Power      Damage    Failure   Level
 Foxfire                  Conj/Fire      0%         2x1d4     45%         1
 Freeze                   Ice            0%         1d3       45%         1
 Necrotise                Necr           0%         1d4       45%         1
 Shock                    Conj/Air       0%         1d3       45%         1
 Slow                     Hex            0%         N/A       45%         1
 Cigotuvi's Dreadful Rot  Necr/Pois/Air  0%         N/A       58%         2
 Ensorcelled Hibernation  Hex/Ice        0%         N/A       58%         2
 Static Discharge         Conj/Air       0%         2-2/arc   58%         2
 Confusing Touch          Hex            0%         N/A       83%         3
 Dazzling Flash           Conj/Hex       0%         N/A       83%         3
 Frozen Ramparts          Ice            0%         1d1       83%         3
 Hailstorm                Conj/Ice       0%         3d3       83%         3
 Ozocubu's Armour         Ice            0%         N/A       83%         3
 Swiftness                Air            0%         N/A       83%         3
 Vampiric Draining        Necr           0%         2d6       83%         3
 Airstrike                Air            0%         2d(0-16)  99%         4
 Anguish                  Hex/Necr       0%         N/A       99%         4
 Sticky Flame             Conj/Fire      0%         2d3       99%         4
 Arcjolt                  Conj/Air       0%         1d10      100%        5
 Freezing Cloud           Conj/Ice/Air   0%         6-21      100%        5
 Metabolic Englaciation   Hex/Ice        0%         N/A       100%        5
 Plasma Beam              Fire/Air       0%         2x1d10    100%        6
 Starburst                Conj/Fire      0%         6d3       100%        6
 Ozocubu's Refrigeration  Ice            0%         4d7       100%        7
 Ignition                 Fire           0%         3d3       100%        8
 Maxwell's Capacitive Co  Air            0%         ∞         100%        8
 Polar Vortex             Ice            0%         N/A       100%        9
 Apportation              Tloc           Unusable   N/A       N/A         1
 Sting                    Tmut/Pois      Unusable   1d3       N/A         1
 Summon Small Mammal      Summ           Unusable   N/A       N/A         1
 Lesser Beckoning         Tloc           Unusable   N/A       N/A         2
 Passwall                 Tmut/Erth      Unusable   N/A       N/A         2
 Ignite Poison            Fire/Tmut/Pois Unusable   N/A       N/A         3
 Vhi's Electric Charge    Tloc/Air       Unusable   N/A       N/A         3
 Volatile Blastmotes      Fire/Tloc      Unusable   2d10      N/A         3
 Animate Armour           Summ/Erth      Unusable   N/A       N/A         4
 Petrify                  Tmut/Erth      Unusable   N/A       N/A         4
 Summon Ice Beast         Ice/Summ       Unusable   N/A       N/A         4
 Summon Lightning Spire   Summ/Air       Unusable   N/A       N/A         4
 Simulacrum               Ice/Necr       Unusable   N/A       N/A         6

Dungeon Overview and Level Annotations

Branches:
Dungeon (15/15)            Temple (1/1) D:4            Lair (5/5) D:8
  Swamp (4/4) Lair:2        Snake (4/4) Lair:3        Slime (5/5) Lair:5
    Orc (2/2) D:9             Elf (0/3) Orc:2        Vaults (4/5) D:14
  Crypt (0/3) Vaults:3     Depths (4/4) D:15            Zot (5/5) Depths:4
 Bailey (visited)         Gauntlet (visited)

Altars:
Ashenzari
Cheibriados
Dithmenos
Elyvilon
Gozag
Kikubaaqudgha
Makhleb
Nemelex Xobeh
Okawaru
Qazlal
Ru
Sif Muna
Trog
Uskayaw
Vehumet
Wu Jian
Xom
Zin
The Shining One

Shops:
D:4 *   D:10 ([   D:11 ([(([   D:13 :   D:14 *   Orc:2 [?[*   Snake:1 *
Snake:3 *

Portals:
Hell: Depths:1 Depths:2 Depths:3 Depths:4
Abyss: Depths:3 Depths:4
Pandemonium: Depths:1 Depths:2
Ziggurat: Depths:1

Annotations:
D:3 1 runed translucent door, Crazy Yiuf, Natasha
D:7 exclusion: two-headed ogre
D:12 exclusion: door
Depths:3 4 runed translucent doors, Wimmiopn's ghost, adept MfGl


Innate Abilities, Weirdness & Mutations

You are a living statue of rough stone.
Your actions are slow, but your melee attacks are powerful.
You are resistant to unholy torment.
Your maximum health is greatly increased.
You cannot wear most types of armour.
You are amphibious.
You can wear up to seven rings at the same time.
You are immune to poison.
Your skin changes colour to match your surroundings (Stealth+).
Your magical capacity is extremely low. (-30% MP)
((Your rubbery body absorbs attacks. (AC +1, EV +1)))
You are missing a hand.
You cannot be stealthy.
You are hated by all.
You cannot study or cast Earth magic.
You cannot study or cast Translocations magic.
You cannot study or cast Transmutations magic.
((You are camouflaged when in or above water. (Stealth+)))
You have tentacles for arms and can constrict up to seven enemies at once.
You have a pair of small antennae on your head.
You have an uncontrollable temper.
You are very clumsy. (Dex -4)
Your body often deteriorates upon taking damage.
You are very dopey. (Int -4)
Your natural rate of healing is unusually fast.
You are robust. (+10% HP)
You occasionally shout uncontrollably at your foes.
You are weak. (Str -2)
Potions are less effective at restoring your health.
You sometimes lose the ability to drink potions when taking damage.
You occasionally lose the ability to read scrolls when taking damage.


Message History

You thrash Guon!!!
Your tentacle-slap misses Guon.
Guon is moderately wounded.
Guon completely misses you. The ice devil completely misses you.
The orange demon misses you. Guon barely misses you.
The orange demon completely misses you. The ice devil completely misses you.
Okay, then.
You completely miss Guon. Your squeeze misses Guon.
Guon is moderately wounded.
Guon gestures at you. The iron shot misses you.
Guon calls on the powers of darkness!
Your body is wracked with pain!
The ice devil completely misses you. The orange demon barely misses you.
You thrash Guon!!!
Your tentacle-slap misses Guon.
Guon is severely wounded.
Guon completely misses you. The ice devil completely misses you.
The orange demon stings you but does no damage.
A small abomination comes into view.
Guon hits you!
You thrash Guon!!!
You kill Guon!
The orange demon completely misses you. The ice devil completely misses you. x2
The orange demon completely misses you.
You thrash the ice devil!!!
You kill the ice devil!
The orange demon completely misses you.
You feel your intelligence returning.
You thrash the small abomination!!!
You destroy the small abomination!
The orange demon completely misses you. The orange demon completely misses you.
The orange demon closely misses you.
The orange demon completely misses you. x2
You batter the orange demon!! You grab the orange demon.
You tentacle-slap the orange demon!! You squeeze the orange demon.
You kill the orange demon!
No target in view!
No target in view!
You feel yourself speed up.
Aiming: Dig
Press: ? - help, Shift-Dir - straight line You can't see that place.
The rock shatters into small pieces.
You recover from your berserk rage.
Aiming: Dig
Press: ? - help, Shift-Dir - straight line A rock wall.
This square is covered in magical glow.
The rock shatters into small pieces.
You hear a roar!
The Hell Sentinel gestures at you.
The sphere of damnation explodes!
The damnation engulfs you!!!
The Hell Sentinel completely misses you. x2
The Hell Sentinel begins to attack, but is stunned by your conviction!
You tentacle-slap the Hell Sentinel but do no damage.
You tentacle-slap the Hell Sentinel.
You squeeze the Hell Sentinel, but do no damage.
The Hell Sentinel is lightly wounded.
You thrash the Hell Sentinel!!! You tentacle-slap the Hell Sentinel!
You squeeze the Hell Sentinel!!
The Hell Sentinel is heavily wounded.
The Hell Sentinel completely misses you. x2
You tentacle-slap the Hell Sentinel but do no damage.
You squeeze the Hell Sentinel!
The Hell Sentinel is severely wounded.
The Hell Sentinel gestures at you.
The sphere of damnation explodes!
The damnation engulfs you!!
The damnation engulfs the Hell Sentinel.
The Hell Sentinel completely resists.
You batter the Hell Sentinel!!
The Hell Sentinel is severely wounded.
The Hell Sentinel completely misses you. x2
You barely miss the Hell Sentinel. You squeeze the Hell Sentinel!
The Hell Sentinel is almost dead.
A tormentor comes into view.
The Hell Sentinel completely misses you. x2
A red film seems to cover your vision as you go berserk!
You feel yourself moving faster!
You feel mighty!
You tentacle-slap the Hell Sentinel but do no damage.
The Hell Sentinel is almost dead.
The tormentor calls on the powers of darkness!
Your body is wracked with pain!
You feel threatened and lose the ability to drink potions!
The Hell Sentinel begins to attack, but is stunned by your conviction!
You thrash the Hell Sentinel!!!
You kill the Hell Sentinel!
The tormentor completely misses you. x2
You batter the tormentor!! You grab the tormentor.
You tentacle-slap the tormentor.
The tormentor is severely wounded.
You constrict the tormentor. The tormentor completely misses you. x2
You batter the tormentor!!
You kill the tormentor!
No target in view!
You feel a strong urge to attack something.
There is a staircase leading out of the dungeon here.
Enter note: gg You are no longer berserk.
You are exhausted.
You feel yourself slow down.
You have escaped!

#.# #...
#################.########...
#####.....................(..'...
>.....###############.########...
.###### #.# #... .# #.#### #...
.# ##### #....# ##### )# ######
#...# ####.# #.... (# #....#
#.8.######.####..>. .#### #.##.#
#.................. ....####.##.#
#...######.####....
....'....##.####'#### #.# #....
....#######.##......# #.# ##....
....#### #(#.......# #.# #.....
.......## #.#.###.#.# #.# #.....
....##..# #.#..#..#.# #.# #.....
....###.###.##(#..#.# #.# #.....


There were no monsters in sight!

Vanquished Creatures
  the Royal Jelly (Slime:5)
  A seraph (Zot:3)
  A dread lich (Zot:5)
  10 orbs of fire
  Mara (Depths:3)
  2 ancient liches (Zot:5)
  4 pandemonium lords
  Josephina (Depths:4)
  12 Killer Klowns
  Vashnia (Snake:3)
  Margery (Depths:3)
  Xtahua (Depths:3)
  3 curse toes
  10 golden dragons
  Nikola (Snake:3)
  Jory (Vaults:4)
  2 Tzitzimimeh
  3 electric golems
  4 Ice Fiends
  Rupert (Lair:3)
  10 tentacled monstrosities
  2 Hell Sentinels
  36 Orb Guardians
  A lich (Depths:2)
  12 quicksilver dragons
  An Executioner (Depths:1)
  15 acid blobs
  11 death cobs
  17 storm dragons
  8 shadow dragons
  3 thorn hunters
  Aizul (Snake:4)
  4 sphinxes
  2 tengu reavers
  7 azure jellies
  16 draconian monks
  7 nagarajas
  12 rockslimes
  Donald (Snake:4)
  18 vault wardens
  5 fire giants
  2 iron dragons (Depths:3)
  2 fenstrider witches
  9 draconian scorchers
  17 draconian knights
  A balrug (Depths:2)
  5 frost giants
  3 ghost moths
  2 ghouls (Swamp:4)
  11 draconian stormcallers
  8 draconian shifters
  A spriggan defender (Depths:2)
  The ghost of initializr the Slicer, a journeyman DrBe of Trog (Lair:4)
  2 orc warlords
  A cacodemon (D:13)
  17 ironbound preservers
  5 very ugly things
  10 quicksilver oozes
  8 draconian annihilators
  5 ironbound thunderhulks
  3 reapers
  2 angels
  4 stone giants
  3 formless jellyfish
  4 eleionomae
  10 green draconians
  4 vampire knights
  16 yellow draconians
  35 purple draconians
  2 lorocyprocas
  4 bunyips
  9 red draconians
  16 black draconians
  12 spark wasps
  14 white draconians
  15 dire elephants
  A deep elf death mage (Vaults:3)
  8 fire dragons
  Snorg (Orc:1)
  A crystal guardian (Vaults:3)
  A blizzard demon (D:8)
  2 merfolk javelineers
  An ettin (Depths:2)
  12 yaktaur captains
  2 great orbs of eyes
  4 rakshasas
  A caustic shrike simulacrum (Depths:4)
  10 hydras
  3 hell beasts (Depths:2)
  4 spriggan air magi
  6 ice dragons
  16 vault guards
  2 peacekeepers
  2 ogre magi
  A catoblepas (D:13)
  A ghost crab (Swamp:4)
  A quicksilver dragon skeleton (Depths:2)
  6 ironbound frosthearts
  A death knight (D:15)
  5 salamander tyrants
  15 two-headed ogres
  14 anacondas
  3 boulder beetles
  A deep troll shaman (Depths:3)
  5 tengu warriors
  13 centaur warriors
  13 alligators
  A death yak (Lair:3)
  3 deep troll earth magi
  3 hell hogs (Depths:2)
  A demonic crawler (Depths:3)
  6 spriggan berserkers
  4 naga warriors
  9 shock serpents
  A titan zombie (Depths:2)
  A vampire mage (Vaults:3)
  14 naga sharpshooters
  18 hell knights
  3 sun demons (Depths:2)
  9 spriggans
  3 skysharks
  5 soul eaters
  2 iron trolls (Depths:3)
  A titan skeleton (Depths:1)
  A sixfirhy (D:1)
  3 spectral death yaks
  6 skeletal warriors
  A spectral anaconda (Lair:5)
  A fire crab (Gauntlet)
  2 death drakes (Swamp:3)
  6 goliath frogs
  A salamander mystic (Snake:2)
  51 deep trolls
  5 sea snakes (Snake:4)
  2 shadow demons
  5 spriggan druids
  5 glowing orange brains
  6 naga ritualists
  2 cherubim (Zot:3)
  4 swamp dragons
  7 lindwurms
  5 bog bodies
  A flayed ghost (D:15)
  An obsidian statue (Lair:5)
  A golden dragon skeleton (Depths:2)
  A deep elf archer (D:14)
  24 ironbound convokers
  9 orc knights
  5 wizards
  Pikel (D:7)
  3 phantasmal warriors
  A fire giant zombie (Depths:1)
  2 wolf spider zombies (D:12)
  42 ugly things
  8 mana vipers
  11 necromancers
  4 deep elf pyromancers
  A deep elf zephyrmancer (D:14)
  9 salamanders
  An orc sorcerer (Orc:2)
  4 will-o-the-wisps
  A frost giant zombie (D:15)
  5 shining eyes
  A manticore (D:12)
  27 moths of wrath
  30 elephants
  4 guardian serpents
  6 cyclopes
  2 eyes of devastation (Slime:5)
  51 black mambas
  An iron dragon skeleton (Depths:2)
  A frost giant skeleton (D:15)
  A rust devil (Depths:2)
  94 slime creatures
  5 torpor snails
  2 centaur zombies (D:12)
  18 vault sentinels
  16 cane toads
  A moth of wrath (shapeshifter) (D:13)
  4 orange demons
  12 naga magi
  A gargoyle (D:13)
  3 smoke demons (Depths:2)
  9 kobold demonologists
  3 hellions
  2 unseen horrors (D:12)
  8 centaur skeletons (D:12)
  13 komodo dragons
  5 efreet
  8 rime drakes
  6 tengu conjurers
  3 tormentors
  5 freezing wraiths
  A guardian mummy (D:15)
  35 yaktaurs
  3 spriggan zombies
  A harpy zombie (D:12)
  17 trolls
  An ice devil (D:1)
  3 meliai (D:13)
  2 polar bears
  9 tyrant leeches
  A bloated husk (Swamp:2)
  A hellwing (Depths:2)
  A harpy skeleton (D:12)
  7 hornets
  A sphinx simulacrum (Depths:4)
  15 blink frogs
  A spectral elephant (Lair:5)
  A meliai zombie (D:12)
  13 dream sheep
  An ettin skeleton (Depths:2)
  2 small abominations
  Sigmund (D:6)
  A jumping spider (Vaults:2)
  7 shadows
  A ynoxinul (D:1)
  3 wraiths
  7 wyverns
  A dire elephant simulacrum (Lair:5)
  3 fire bats (Gauntlet)
  10 basilisks
  A large abomination (Zot:5)
  A vampire (D:9)
  A water elemental (Depths:4)
  7 golden eyes
  72 yaks
  A chaos spawn (D:11)
  2 death yak simulacra (Lair:5)
  A redback (shapeshifter) (D:13)
  2 neqoxecs (Depths:2)
  23 nagas
  5 swamp worm simulacra (Swamp:4)
  Menkaure (D:7)
  2 spectral cane toads (Lair:5)
  2 redbacks (Vaults:2)
  2 wargs
  11 vampire mosquitoes
  23 swamp worms
  27 water moccasins
  12 hydra simulacra (Swamp:4)
  An acid dragon (D:13)
  A glowing shapeshifter skeleton (D:15)
  An ice beast (D:6)
  2 swamp drakes
  37 orc warriors
  4 sky beasts
  A black bear (shapeshifter) (D:13)
  A black bear (D:7)
  2 elephant zombies (Lair:5)
  24 ogres
  A black mamba simulacrum (Lair:4)
  8 wolves
  10 centaurs
  A boggart (D:13)
  A lemure (D:7)
  2 elephant skeletons (Lair:5)
  10 kobold brigands
  15 bullfrogs
  A glowing shapeshifter simulacrum (Depths:4)
  A scorpion (D:4)
  Blork the orc (D:6)
  4 cane toad simulacra
  3 gnoll sergeants
  A two-headed ogre simulacrum (D:12)
  4 wights (D:8)
  6 killer bees (D:8)
  An elephant simulacrum (D:12)
  2 electric eels
  4 howler monkeys
  5 jellies
  A komodo dragon simulacrum (Lair:4)
  11 orc priests
  2 hounds
  4 iguanas
  Jessica (D:3)
  A sleepcap (D:3)
  2 boggart zombies (D:12)
  Natasha (D:3)
  18 orc wizards
  10 hell rats
  A spriggan simulacrum (D:12)
  4 troll simulacra (D:12)
  2 boggart skeletons (D:12)
  16 gnolls
  Robin (D:3)
  10 adders
  A shadow imp (D:6)
  4 white imps
  3 swamp drake simulacra (Swamp:4)
  7 worms
  2 dart slugs
  74 orcs
  7 ball pythons
  38 bats
  7 endoplasms
  4 giant cockroaches
  28 goblins
  10 hobgoblins
  4 jackals (D:1)
  4 quokkas
  3 frilled lizards (D:1)
  23 kobolds
  13 rats
2161 creatures vanquished.

Vanquished Creatures (others)
  A golden dragon (Depths:4)
  A quicksilver dragon (Zot:4)
  A death cob (Zot:3)
  A tengu reaver (Depths:3)
  A shadow dragon (Vaults:3)
  A rockslime (Slime:5)
  2 draconian scorchers
  Louise (Depths:3)
  A draconian stormcaller (Zot:1)
  A war gargoyle (Vaults:4)
  A purple draconian (Zot:5)
  A red draconian (Zot:4)
  An ettin (D:13)
  An entropy weaver (Vaults:2)
  A hydra (Swamp:4)
  A vault guard (Vaults:4)
  An ogre mage (Orc:2)
  2 anacondas
  A two-headed ogre (D:12)
  A deep troll shaman (Depths:1)
  A shock serpent (Snake:3)
  A deep troll (Vaults:2)
  An ugly thing (D:15)
  A cyclops (D:13)
  A moth of wrath (Zot:5)
  A titan simulacrum (Depths:4)
  A hellion (D:9)
  A rime drake (Lair:1)
  2 yaktaurs (D:14)
  A polar bear (Lair:5)
  A troll (Orc:1)
  3 bloated husks
  A tyrant leech (Swamp:3)
  A dream sheep (Lair:5)
  A wyvern (Lair:4)
  2 nagas
  A hydra simulacrum (Swamp:4)
  An orc warrior (Orc:1)
  An ogre (Orc:2)
  A centaur (D:14)
  2 orcs
  A kobold (D:10)
  10 foxfires
59 creatures vanquished.

Grand Total: 2220 creatures vanquished

Notes
Turn   | Place    | Note
-------+----------+-------------------------------------------
     0 | D:1      | Flugkiller the Octopode Shapeshifter began the quest for
                  | the Orb.
     0 | D:1      | Reached XP level 1. HP: 14/14 MP: 1/1
   114 | D:1      | Reached XP level 2. HP: 16/19 MP: 2/2
   116 | D:1      | Found a faded altar of an unknown god.
   131 | D:1      | Got Plato's Handbook of Putridity
   728 | D:1      | Reached XP level 3. HP: 23/25 MP: 3/3
  1031 | D:2      | Reached XP level 4. HP: 20/30 MP: 4/4
  1308 | D:2      | Reached XP level 5. HP: 13/35 MP: 5/5
  1740 | D:3      | Noticed Natasha
  1742 | D:3      | Killed Natasha
  1744 | D:3      | Found an ancient bone altar of Kikubaaqudgha.
  1865 | D:3      | Noticed Jessica
  1872 | D:3      | Killed Jessica
  1971 | D:3      | Reached XP level 6. HP: 33/40 MP: 6/6
  1986 | D:3      | Noticed Natasha
  2133 | D:3      | Noticed Robin
  2146 | D:3      | Killed Robin
  2234 | D:3      | Found a runed translucent door.
  2235 | D:3      | Noticed Crazy Yiuf
  2648 | D:4      | Reached skill level 5 in Shapeshifting
  2725 | D:4      | Found an opulent altar of Gozag.
  2759 | D:4      | Found a sparkling altar of Nemelex Xobeh.
  2875 | D:4      | Reached XP level 7. HP: 24/45 MP: 7/7
  3036 | D:4      | Found Korhomm's Assorted Antiques.
  3050 | D:4      | Bought a scroll labelled WAPEEXT XAFAC for 23 gold pieces
  3050 | D:4      | Bought a scroll of identify for 46 gold pieces
  3139 | D:4      | Reached skill level 3 in Dodging
  3165 | D:4      | Found a staircase to the Ecumenical Temple.
  3172 | Temple   | Entered the Ecumenical Temple
  3385 | Temple   | Became a worshipper of Ru the Awakened
  3536 | D:4      | Found a snail-covered altar of Cheibriados.
  3660 | D:5      | Entered Level 5 of the Dungeon
  3736 | D:5      | Identified the +6 short sword of Tuividghokuk {freeze,
                  | rCorr SInv}
  4223 | D:5      | Reached XP level 8. HP: 52/52 MP: 8/8
  4628 | D:6      | Gained mutation: You are hated by all. [Ru sacrifice]
  4628 | D:6      | Reached * piety under Ru
  4651 | D:6      | Reached skill level 5 in Unarmed Combat
  4655 | D:6      | HP: 2/54 [orc wizard/magic dart (10)]
  5114 | D:6      | Reached skill level 4 in Dodging
  5209 | D:6      | Noticed Blork the orc
  5218 | D:6      | Killed Blork the orc
  5445 | D:6      | Noticed Sigmund
  5671 | D:6      | Killed Sigmund
  5684 | D:6      | Found a glowing golden altar of the Shining One.
  5709 | D:7      | Noticed a two-headed ogre
  5750 | D:7      | Noticed Menkaure
  5758 | D:7      | Killed Menkaure
  5759 | D:7      | Reached XP level 9. HP: 59/59 MP: 9/9
  5866 | D:7      | Reached skill level 5 in Fighting
  5866 | D:7      | Reached skill level 5 in Dodging
  6054 | D:7      | Noticed Pikel
  6071 | D:7      | Killed Pikel
  6172 | D:7      | Reached skill level 6 in Dodging
  6493 | D:7      | Found a glowing silver altar of Zin.
  6663 | D:8      | Reached XP level 10. HP: 59/68 MP: 10/10
  7017 | D:8      | Noticed Grum
  7196 | D:8      | Grum changed into Grum the centaur
  7196 | D:8      | Noticed Grum
  7319 | D:8      | Killed Grum the centaur
  7455 | D:8      | Gained mutation: You cannot be stealthy. [Ru sacrifice]
  7455 | D:8      | Reached ** piety under Ru
  7471 | D:8      | Reached skill level 7 in Dodging
  7479 | D:8      | Found a staircase to the Lair.
  7483 | D:8      | Reached skill level 1 in Evocations
  8181 | D:8      | Reached skill level 8 in Dodging
  8619 | D:8      | Reached skill level 9 in Dodging
  8853 | D:8      | Reached XP level 11. HP: 72/72 MP: 11/11
  8962 | D:9      | Reached skill level 10 in Dodging
  9019 | D:9      | Found a staircase to the Orcish Mines.
  9114 | D:9      | Found a flagged portal.
  9133 | Bailey   | Entered a bailey
  9195 | Bailey   | Noticed an orc knight
  9207 | Bailey   | Killed an orc knight
  9344 | Bailey   | Noticed an orc knight
  9668 | Bailey   | Reached skill level 11 in Dodging
  9855 | Bailey   | Found an iron altar of Okawaru.
 10549 | Bailey   | Killed an orc knight
 10720 | Bailey   | Acquired a manual of Unarmed Combat
 10993 | D:9      | Reached skill level 5 in Evocations
 11186 | D:9      | Reached skill level 1 in Shields
 11246 | D:9      | Gained mutation: You cannot study or cast Earth magic. [Ru
                  | sacrifice]
 11246 | D:9      | Gained mutation: You cannot study or cast Transmutations
                  | magic. [Ru sacrifice]
 11246 | D:9      | Gained mutation: You cannot study or cast Translocations
                  | magic. [Ru sacrifice]
 11246 | D:9      | Reached *** piety under Ru
 11252 | D:9      | Found a shimmering altar of Xom.
 11283 | D:9      | Found an ornate altar of the Wu Jian Council.
 11466 | D:10     | Entered Level 10 of the Dungeon
 11544 | D:10     | Noticed a two-headed ogre
 11567 | D:10     | Killed a two-headed ogre
 11906 | D:10     | Found Saapeint's Weapon Emporium.
 12061 | D:10     | Found Etziutto's Antique Armour Emporium.
 12532 | D:11     | Found Deyjisu's Antique Armour Shop.
 12739 | D:11     | Reached XP level 12. HP: 78/81 MP: 12/12
 13036 | D:11     | Found Igguheom's Antique Weapon Shop.
 13173 | D:11     | Gained mutation: You are missing a hand. [Ru sacrifice]
 13173 | D:11     | Reached **** piety under Ru
 13173 | D:11     | Reached ***** piety under Ru
 13180 | D:11     | Found Mukyc's Antique Weapon Shoppe.
 13229 | D:11     | Found Tyebb's Weapon Shoppe.
 13315 | D:11     | Found Kareymi's Antique Armour Boutique.
 13503 | D:12     | Noticed a two-headed ogre
 13505 | D:12     | Noticed a two-headed ogre
 13513 | D:12     | Killed a two-headed ogre
 13519 | D:12     | Killed a two-headed ogre
 13735 | D:12     | Found a gate leading to a gauntlet.
 13742 | Gauntlet | Entered a Gauntlet
 13742 | Gauntlet | Found a transporter.
 13742 | Gauntlet | Found a transporter.
 13746 | Gauntlet | Found a transporter.
 13746 | Gauntlet | Found a transporter.
 13775 | Gauntlet | Noticed a large abomination
 13776 | Gauntlet | Found a transporter.
 13776 | Gauntlet | Found a large runed translucent door.
 13777 | Gauntlet | Found a large runed translucent door.
 13779 | Gauntlet | Found a runed translucent gate.
 13779 | Gauntlet | Found the +1 cloak of Starlight {*Dazzle EV+4 Stlth--}
 13780 | Gauntlet | Found a transporter.
 13780 | Gauntlet | Found a transporter.
 13783 | Gauntlet | Found a transporter.
 13787 | Gauntlet | Found a runed translucent gate.
 13787 | Gauntlet | Found a runed translucent gate.
 13789 | Gauntlet | Found a large runed translucent door.
 13789 | Gauntlet | Noticed a wretched star
 13790 | Gauntlet | Found a large runed translucent door.
 13802 | Gauntlet | Found a large runed translucent door.
 13802 | Gauntlet | Found a large runed translucent door.
 13803 | Gauntlet | Found a large runed translucent door.
 13803 | Gauntlet | Found a large runed translucent door.
 13810 | Gauntlet | Found a transporter.
 13813 | Gauntlet | Found a large runed translucent door.
 13813 | Gauntlet | Found a large runed translucent door.
 13813 | Gauntlet | Found a runed translucent door.
 13813 | Gauntlet | Found a runed translucent door.
 13814 | Gauntlet | Found a large runed translucent door.
 13815 | Gauntlet | Found a large runed translucent door.
 13817 | Gauntlet | Found a transporter.
 13835 | Gauntlet | Found a transporter.
 13871 | Gauntlet | Found a transporter.
 13880 | Gauntlet | Found a transporter.
 13901 | Gauntlet | Found a transporter.
 13998 | Gauntlet | Found a transporter.
 14013 | Gauntlet | Found a transporter.
 14029 | Gauntlet | Found a large runed translucent door.
 14029 | Gauntlet | Found a large runed translucent door.
 14030 | Gauntlet | Found a large runed translucent door.
 14031 | Gauntlet | Found a large runed translucent door.
 14122 | Gauntlet | Reached skill level 12 in Dodging
 14349 | Gauntlet | Reached skill level 10 in Unarmed Combat
 14375 | Gauntlet | Identified the ring of Dim Light {Fly rF++ rCorr Dex+4}
 14648 | Gauntlet | Identified the +5 arbalest "Jinu" {antimagic, SInv}
 14648 | Gauntlet | Noticed a minotaur
 14834 | Lair:1   | Entered Level 1 of the Lair of Beasts
 15156 | Lair:1   | Reached XP level 13. HP: 90/90 MP: 13/13
 15260 | Lair:1   | Gained mutation: Your magical capacity is low. (-10% MP)
                  | [Ru sacrifice]
 15260 | Lair:1   | Reached ****** piety under Ru
 15559 | Lair:1   | Identified the +3 robe of Dithmenos {Int+7}
 15847 | Lair:2   | Reached skill level 13 in Dodging
 15849 | Lair:2   | Reached skill level 10 in Fighting
 16189 | Lair:2   | Reached skill level 14 in Dodging
 16483 | Lair:2   | Found a staircase to the Swamp.
 17076 | Lair:3   | Found a staircase to the Snake Pit.
 17180 | Lair:3   | Reached XP level 14. HP: 74/99 MP: 12/12
 17802 | Lair:3   | Found a runed translucent door.
 17854 | Lair:3   | Reached skill level 10 in Shapeshifting
 18078 | Lair:3   | Noticed Rupert
 18086 | Lair:3   | Killed Rupert
 18161 | Lair:3   | Reached skill level 15 in Dodging
 18710 | Lair:4   | Found a runed translucent gate.
 18710 | Lair:4   | Found a runed translucent gate.
 18711 | Lair:4   | Found a runed translucent gate.
 18726 | Lair:4   | Noticed initializr's ghost (journeyman DrBe)
 19373 | Lair:4   | Killed initializr's ghost
 19427 | Lair:5   | Entered Level 5 of the Lair of Beasts
 19427 | Lair:5   | Found a staircase to the Slime Pits.
 19560 | Lair:5   | Reached XP level 15. HP: 106/106 MP: 13/13
 19595 | Lair:5   | Reached skill level 16 in Dodging
 20081 | Lair:5   | Found a snail-covered altar of Cheibriados.
 21453 | D:12     | Reached skill level 17 in Dodging
 22169 | D:12     | Found the +9 sword of Zonguldrok {reap}
 22169 | D:12     | Noticed a bone dragon
 22682 | D:13     | Identified the +6 war axe of Qazlal's Anger {flame, Str+6
                  | Stlth+}
 22712 | D:13     | Reached XP level 16. HP: 112/112 MP: 14/14
 22871 | D:13     | Identified the orb of Wuleru {guile, rN+ Dex+3}
 23131 | D:13     | Found Temol's Book Emporium.
 23536 | D:13     | Identified the +0 robe of Valiance {-Cast Regen+ rCorr
                  | Dex-5}
 23543 | D:13     | Reached skill level 18 in Dodging
 24052 | D:14     | Found Satosor's Assorted Antiques.
 24060 | D:14     | Bought a scroll of identify for 44 gold pieces
 24060 | D:14     | Bought a pearl ring for 110 gold pieces
 24232 | D:14     | Found a broken altar of Ashenzari.
 24490 | D:14     | Found a gate to the Vaults.
 24790 | D:15     | Entered Level 15 of the Dungeon
 25250 | D:15     | Reached skill level 15 in Shapeshifting
 25321 | D:15     | Found a staircase to the Depths.
 25589 | D:15     | Acquired a manual of Fighting
 25761 | Orc:1    | Entered Level 1 of the Orcish Mines
 26165 | Orc:2    | Entered Level 2 of the Orcish Mines
 26169 | Orc:2    | Reached XP level 17. HP: 117/117 MP: 15/15
 26176 | Orc:2    | Noticed Snorg
 26233 | Orc:1    | Killed Snorg
 26469 | Orc:2    | Found a staircase to the Elven Halls.
 26516 | Orc:2    | Found Zaggex's Assorted Antiques.
 26546 | Orc:2    | Found Hoikudd's Magic Scroll Boutique.
 26547 | Orc:2    | Found Duymn's Armour Emporium.
 26554 | Orc:2    | Bought a scroll of blinking for 90 gold pieces
 26554 | Orc:2    | Bought a scroll of revelation for 90 gold pieces
 26557 | Orc:2    | Found Baaf's Antique Armour Boutique.
 26580 | Orc:2    | Bought a translucent platinum ring for 180 gold pieces
 26580 | Orc:2    | Identified the ring "Touzotom" {rN+ Str+4 Dex+2 SInv} (You
                  | bought it in a shop on level 2 of the Orcish Mines)
 26580 | Orc:2    | Bought a heavily runed glass ring for 180 gold pieces
 26580 | Orc:2    | Identified the ring of Yendor {Fly rC+ rN+} (You bought it
                  | in a shop on level 2 of the Orcish Mines)
 26805 | Orc:2    | Bought a scroll of teleportation for 36 gold pieces
 26805 | Orc:2    | Bought a scroll of teleportation for 36 gold pieces
 26925 | Swamp:1  | Entered Level 1 of the Swamp
 26936 | Swamp:1  | Reached skill level 19 in Dodging
 27663 | Swamp:2  | Identified the +1 flail "Keinarch" {flame, rC- rN+ rCorr
                  | Str+3}
 27921 | Swamp:2  | Reached skill level 15 in Fighting
 27984 | Swamp:3  | Got Sif Muna's Spellbook of Stormy Orogeny
 28043 | Swamp:3  | Reached skill level 20 in Dodging
 28216 | Swamp:3  | Identified the +8 sling of the Many Curses {antimagic, rF+
                  | rC+ rN+ Stlth+}
 28368 | Swamp:4  | Entered Level 4 of the Swamp
 28379 | Swamp:4  | Reached XP level 18. HP: 126/126 MP: 16/16
 28873 | Swamp:4  | Reached skill level 15 in Unarmed Combat
 29136 | Swamp:4  | Got a decaying rune of Zot
 29245 | Snake:1  | Entered Level 1 of the Snake Pit
 29387 | Snake:1  | Found Sotul's Assorted Antiques.
 30621 | Snake:3  | Noticed Vashnia
 30655 | Snake:3  | Killed Vashnia
 30728 | Snake:3  | Noticed Nikola
 30739 | Snake:3  | Killed Nikola
 30757 | Snake:3  | Reached XP level 19. HP: 139/144 MP: 17/17
 31170 | Snake:3  | Found Fodwyceo's Assorted Antiques.
 31170 | Snake:3  | Found Agieph's Antique Weapon Shop.
 31178 | Snake:3  | Bought a moonstone ring for 130 gold pieces
 31191 | Snake:3  | Found a bloodstained altar of Trog.
 31515 | Snake:4  | Entered Level 4 of the Snake Pit
 31636 | Snake:4  | Noticed Aizul
 31638 | Snake:4  | Noticed Donald
 31648 | Snake:4  | Killed Aizul
 31653 | Snake:4  | Killed Donald
 31953 | Snake:4  | Got a serpentine rune of Zot
 32501 | Vaults:1 | Entered Level 1 of the Vaults
 34393 | Vaults:2 | Reached XP level 20. HP: 141/141 MP: 18/18
 34875 | Vaults:2 | Reached skill level 21 in Dodging
 35691 | Vaults:3 | Reached skill level 22 in Dodging
 36031 | Vaults:3 | Found a staircase to the Crypt.
 36211 | Vaults:3 | Reached XP level 21. HP: 159/159 MP: 18/18
 37100 | Vaults:4 | Noticed Jory
 37115 | Vaults:4 | Killed Jory
 38053 | Depths:1 | Entered Level 1 of the Depths
 38053 | Depths:1 | Found a gateway to Hell.
 38058 | Depths:1 | Noticed a golden dragon
 38070 | D:15     | Killed a golden dragon
 38251 | Depths:1 | Found a one-way gateway to a ziggurat.
 38381 | Depths:1 | Identified the +10 plate armour of the Monk {rPois Stlth+}
 38541 | Depths:1 | Found a one-way gate leading to the halls of Pandemonium.
 38813 | Depths:1 | Reached XP level 22. HP: 168/168 MP: 19/19
 39840 | Depths:2 | Identified the +1 demon blade "Niogg" {pain, rElec}
 40135 | Depths:3 | Noticed Mara
 40143 | Depths:3 | Noticed Flugkiller's illusion
 40147 | Depths:3 | Killed Mara
 40195 | Depths:3 | Found a runed translucent door.
 40221 | Depths:3 | Found a one-way gate to the infinite horrors of the Abyss.
 40221 | Depths:3 | Noticed Louise
 40237 | Depths:3 | Killed Louise
 40561 | Depths:3 | Found a runed translucent gate.
 40562 | Depths:3 | Found a runed translucent gate.
 40563 | Depths:3 | Found a runed translucent gate.
 40563 | Depths:3 | Noticed Wimmiopn's ghost (adept MfGl)
 40813 | Depths:3 | Identified the amulet "Koho" {Acrobat rC+ Regen+ Stlth-}
 40872 | Depths:3 | Noticed Margery
 40889 | Depths:3 | Killed Margery
 41059 | Depths:4 | Entered Level 4 of the Depths
 41074 | Depths:4 | Noticed Xtahua
 41095 | Depths:3 | Killed Xtahua
 41133 | Depths:4 | Identified the +2 dagger "Qitun" {spect, rF+ Will- Str+6}
 41175 | Depths:4 | Identified the ring of Nupnumu {Ice rPois rN+ Slay+2}
 41175 | Depths:4 | Noticed Josephina
 41185 | Depths:4 | Killed Josephina
 41237 | Depths:4 | Reached XP level 23. HP: 166/166 MP: 20/20
 41252 | Depths:4 | Found a gate to the Realm of Zot.
 41985 | Slime:1  | Entered Level 1 of the Pits of Slime
 42039 | Slime:3  | Gained mutation: You are frail. (-10% HP) [a shining eye]
 42043 | Slime:3  | Gained mutation: You are dopey. (Int -2) [a shining eye]
 42126 | Slime:5  | Entered Level 5 of the Pits of Slime
 42181 | Slime:5  | Gained mutation: You are very frail. (-20% HP) [a shining
                  | eye]
 42324 | Slime:5  | Noticed the Royal Jelly
 42330 | Slime:5  | Killed the Royal Jelly
 42367 | Slime:5  | Identified the +6 flail of the Wasteland {venom, rElec rF+}
 42399 | Slime:5  | Got a slimy rune of Zot
 42462 | Slime:5  | Identified the +12 plate armour of Slovenliness {rF+ rC+}
 42482 | Slime:5  | Identified the +7 short sword "Cenet" {freeze, Will+}
 42483 | Slime:5  | Identified the +3 scale mail of Ivofas {Drain rCorr Str+4
                  | Stlth+}
 42496 | Slime:5  | Identified the +3 halberd "Pumux" {flame, rF+ rN+}
 43562 | Zot:1    | Entered Level 1 of the Realm of Zot
 43562 | Zot:1    | Noticed a golden dragon
 43562 | Zot:1    | Noticed a golden dragon
 43562 | Zot:1    | Noticed an orb of fire
 43570 | Depths:4 | Killed a golden dragon
 43575 | Zot:1    | Noticed a golden dragon
 43580 | Depths:4 | Killed a golden dragon
 43616 | Depths:4 | Gained mutation: You occasionally lose the ability to drink
                  | potions when taking damage. [an orb of fire]
 43622 | Depths:4 | Gained mutation: You are very dopey. (Int -4) [an orb of
                  | fire]
 43627 | Depths:4 | Killed an orb of fire
 43660 | Depths:4 | Lost mutation: You are very frail. (-20% HP) [potion of
                  | mutation]
 43660 | Depths:4 | Lost mutation: You are frail. (-10% HP) [potion of
                  | mutation]
 43660 | Depths:4 | Gained mutation: You have a pair of small antennae on your
                  | head. [potion of mutation]
 43660 | Depths:4 | Lost mutation: You are very dopey. (Int -4) [potion of
                  | mutation]
 43660 | Depths:4 | Gained mutation: Your natural rate of healing is unusually
                  | fast. [potion of mutation]
 43825 | Depths:4 | Killed a golden dragon
 43969 | Zot:1    | Reached skill level 23 in Dodging
 44293 | Zot:2    | Reached XP level 24. HP: 183/183 MP: 20/20
 44648 | Zot:2    | Noticed an orb of fire
 44655 | Zot:2    | Gained mutation: You sometimes lose your temper in combat.
                  | [an orb of fire]
 44663 | Zot:2    | Killed an orb of fire
 44690 | Zot:2    | Lost mutation: You occasionally lose the ability to drink
                  | potions when taking damage. [potion of mutation]
 44690 | Zot:2    | Lost mutation: You sometimes lose your temper in combat.
                  | [potion of mutation]
 44690 | Zot:2    | Gained mutation: You are robust. (+10% HP) [potion of
                  | mutation]
 44690 | Zot:2    | Gained mutation: You are very robust. (+20% HP) [potion of
                  | mutation]
 44812 | Zot:2    | Reached skill level 24 in Dodging
 45264 | Zot:3    | Noticed a Killer Klown
 45268 | Zot:3    | Killed a Killer Klown
 45283 | Zot:3    | Got Sif Muna's Incunable of Lofty Points
 45451 | Zot:3    | Noticed a curse toe
 45468 | Zot:3    | Killed a curse toe
 45791 | Zot:4    | Noticed a curse toe
 45796 | Zot:4    | Killed a curse toe
 45928 | Zot:4    | Noticed a Killer Klown
 45962 | Zot:4    | Killed a Killer Klown
 46189 | Zot:4    | Reached XP level 25. HP: 222/222 MP: 20/20
 46294 | Zot:4    | Noticed a Killer Klown
 46299 | Zot:4    | Noticed a Killer Klown
 46299 | Zot:4    | Killed a Killer Klown
 46300 | Zot:4    | Noticed a Killer Klown
 46303 | Zot:4    | Killed a Killer Klown
 46327 | Zot:4    | Killed a Killer Klown
 46383 | Zot:4    | Noticed a Killer Klown
 46390 | Zot:4    | Killed a Killer Klown
 46911 | Zot:5    | Entered Level 5 of the Realm of Zot
 47288 | Zot:5    | Gained mutation: Potions are less effective at restoring
                  | your health. [mutagenic glow]
 47295 | Zot:5    | Gained mutation: You occasionally shout uncontrollably at
                  | your foes. [mutagenic glow]
 47434 | Zot:5    | Noticed an ancient lich
 47437 | Zot:5    | Noticed an orb of fire
 47442 | Zot:5    | Killed an ancient lich
 47450 | Zot:5    | Gained mutation: You have hidden genetic defects. [an orb
                  | of fire]
 47450 | Zot:5    | Noticed a Killer Klown
 47452 | Zot:5    | Gained mutation: You are very dopey. (Int -4) [an orb of
                  | fire]
 47453 | Zot:5    | Killed an orb of fire
 47459 | Zot:5    | Noticed an orb of fire
 47460 | Zot:5    | Killed a Killer Klown
 47468 | Zot:5    | Killed an orb of fire
 47518 | Zot:5    | Noticed a Killer Klown
 47518 | Zot:5    | Noticed a Killer Klown
 47523 | Zot:5    | Killed a Killer Klown
 47525 | Zot:5    | Noticed an orb of fire
 47531 | Zot:5    | Noticed an orb of fire
 47532 | Zot:5    | Killed an orb of fire
 47536 | Zot:5    | Noticed an ancient lich
 47537 | Zot:5    | Noticed a Killer Klown
 47538 | Zot:5    | Noticed an orb of fire
 47543 | Zot:5    | Noticed an orb of fire
 47545 | Zot:5    | Noticed an orb of fire
 47546 | Zot:5    | Killed an ancient lich
 47547 | Zot:5    | Reached skill level 25 in Dodging
 47547 | Zot:5    | Reached XP level 26. HP: 235/235 MP: 1/20
 47548 | Zot:5    | Noticed an orb of fire
 47549 | Zot:5    | Gained mutation: You occasionally lose the ability to drink
                  | potions when taking damage. [an orb of fire]
 47550 | Zot:5    | Gained mutation: You occasionally lose the ability to read
                  | scrolls when taking damage. [an orb of fire]
 47551 | Zot:5    | Noticed a Killer Klown
 47553 | Zot:5    | Noticed a dread lich
 47556 | Zot:5    | Gained mutation: You sometimes lose the ability to drink
                  | potions when taking damage. [an orb of fire]
 47559 | Zot:5    | Killed an orb of fire
 47562 | Zot:5    | Gained mutation: Your magical capacity is very low. (-20%
                  | MP) [an orb of fire]
 47564 | Zot:5    | Killed an orb of fire
 47567 | Zot:5    | Gained mutation: Your magical capacity is extremely low.
                  | (-30% MP) [an orb of fire]
 47568 | Zot:5    | Killed a dread lich
 47571 | Zot:5    | Killed an orb of fire
 47574 | Zot:5    | Gained mutation: You sometimes lose your temper in combat.
                  | [an orb of fire]
 47575 | Zot:5    | Killed a Killer Klown
 47577 | Zot:5    | Noticed a Killer Klown
 47578 | Zot:5    | Gained mutation: You have an uncontrollable temper. [an orb
                  | of fire]
 47579 | Zot:5    | Killed an orb of fire
 47579 | Zot:5    | Lost mutation: You are very robust. (+20% HP) [hidden
                  | defects]
 47583 | Zot:5    | Killed an orb of fire
 47609 | Zot:5    | Killed a Killer Klown
 47610 | Zot:5    | Reached skill level 26 in Dodging
 47611 | Zot:5    | Killed a Killer Klown
 47661 | Zot:5    | Gained mutation: Your body sometimes deteriorates upon
                  | taking damage. [hidden defects]
 47661 | Zot:5    | Lost mutation: You have hidden genetic defects. [hidden
                  | defects expressed]
 47701 | Zot:5    | Killed a Killer Klown
 47704 | Zot:5    | Gained mutation: You are weak. (Str -2) [mutagenic glow]
 47710 | Zot:5    | Gained mutation: Your body often deteriorates upon taking
                  | damage. [mutagenic glow]
 47715 | Zot:5    | Gained mutation: You are clumsy. (Dex -2) [mutagenic glow]
 47726 | Zot:5    | Gained mutation: You are very clumsy. (Dex -4) [mutagenic
                  | glow]
 48056 | Zot:5    | Got the Orb of Zot
 48154 | Zot:3    | Noticed a seraph
 48159 | Zot:3    | Killed a seraph
 48171 | Zot:3    | Reached skill level 27 in Dodging
 48379 | Depths:2 | Noticed Toheisk the pandemonium lord
 48484 | D:13     | Noticed Mohesh the pandemonium lord
 48492 | D:13     | Killed Mohesh the pandemonium lord
 48562 | D:11     | Noticed Cyurox the pandemonium lord
 48569 | D:11     | Killed Cyurox the pandemonium lord
 48640 | D:9      | Noticed Moseup the pandemonium lord
 48818 | D:1      | Noticed Doubbiki the pandemonium lord
 48828 | D:1      | Killed Doubbiki the pandemonium lord
 48829 | D:1      | Reached XP level 27. HP: 184/184 MP: 9/16
 48899 | D:1      | Noticed Guon the pandemonium lord
 48905 | D:1      | Killed Guon the pandemonium lord
 48938 | D:1      | gg
 48939 | D:$      | Escaped with the Orb!

Illustrated notes

#.# #...
#################.########...
#####.....................(..'...
>.....###############.########...
.###### #.# #... .# #.#### #...
.# ##### #....# ##### )# ######
#...# ####.# #.... (# #....#
#.8.######.####..>. .#### #.##.#
#.................. ....####.##.#
#...######.####....
....'....##.####'#### #.# #....
....#######.##......# #.# ##....
....#### #(#.......# #.# #.....
.......## #.#.###.#.# #.# #.....
....##..# #.#..#..#.# #.# #.....
....###.###.##(#..#.# #.# #.....


Turn 48938 on D:1: gg

Levels and vault maps discovered:
D:1:      dpeg_arrival_erosion, layout_basic,
          shapermc_ecumenical_altar_rom_forum
D:2:      layout_basic, st_stairs_5
D:3:      layout_loops_ring, kiku_gazebo_garden_becter,
          nicolae_elevator_lobby_plus, uniq_robin, uniq_jessica,
          uniq_crazy_yiuf_cottage, uniq_natasha
D:4:      layout_rooms, old_standard_altar, marbit_many_paths,
          nicolae_gozag_cash_rules_everything_around_me,
          minmay_temple_entry_proselytizer, serial_shops,
          nicolae_shop_overgrown_old_shop, chequers_hall_statues_y
D:5:      layout_rooms
D:6:      layout_loops_ring, lemuel_coloured_pillars_altar, uniq_sigmund,
          uniq_blork_the_orc
D:7:      layout_rooms, zin_scriptorium, roderic_batcave, uniq_menkaure,
          uniq_pikel
D:8:      layout_layer_cave, minmay_lair_entry_grove, uniq_grum
D:9:      layout_rooms, mainiacjoe_overflow_two_lobes, david_orc_2,
          enter_bailey_4
D:10:     layout_irregular_city, serial_shops, shop, shop
D:11:     layout_irregular_city, serial_shops, nicolae_shop_advertising_works
          [nicolae_subvault_shop_adworks], kennysheep_mini, shop, shop,
          nicolae_shop_bloodbath_and_beyond
D:12:     layout_basic, portal_ice_cave_entry_ice_simulacra,
          gauntlet_entry_generic, nrook_mini_vaults, grunt_ministairs_10,
          minmay_guarded_unrand_zonguldrok
D:13:     minmay_eight_partial_circles, layout_long_grid, serial_shops,
          kennysheep_little_box
D:14:     layout_cave_pods, hangedman_vaults_entry_quadrant_bands,
          cheibrodos_ashenzari_chains, serial_shops, shop
D:15:     gammafunk_depths_entry_grave, layout_loops_cross, minivault_25,
          nicolae_wwwww
Temple:   eino_narrow_crystal_temple
Lair:1:   layout_regular_city, grunt_forest_large_clearings
Lair:2:   nzn_winding_woodlands_stair_cross
          [nzn_winding_woodlands_5x15_concentric,
          nzn_winding_woodlands_center_diamonds,
          nzn_winding_woodlands_5x15_crooked,
          nzn_winding_woodlands_5x5_checkerboard,
          nzn_winding_woodlands_5x5_default, nzn_winding_woodlands_5x15_default,
          nzn_winding_woodlands_center_pierced_h,
          nzn_winding_woodlands_5x15_longhouse], layout_long_grid,
          nicolae_swamp_entry_splash_gauntlet
Lair:3:   gammafunk_lair_enchanted_lake, layout_regular_city,
          minmay_snake_entry_six_corridors, chequers_serial_rivers_small_3,
          eino_small_chamber_without_monster, uniq_rupert
Lair:4:   layout_long_grid, gammafunk_ghost_necromancy, serial_rivers,
          chequers_serial_rivers_small_a, chequers_serial_rivers_small_b,
          chequers_serial_rivers_micro_b, chequers_serial_rivers_large_a,
          chequers_serial_rivers_micro_a, chequers_serial_rivers_small_3,
          serial_bayou_pond_a
Lair:5:   due_jungle_book, layout_regular_city, slime_entry_1,
          chequers_serial_rivers_room_b, kennysheep_snail_temple
Swamp:1:  layout_basic_swamp, evilmike_swamp_ruin_house_3, swamp_pool3
Swamp:2:  layout_basic_swamp, evilmike_swamp_ruin_house_6, swamp_pool1,
          cheibrodos_swamp_witchery
Swamp:3:  layout_falls_marsh, evilmike_swamp_ruin_house_5
Swamp:4:  swamp_icy, layout_basic_swamp, swamp_pool2, nicolae_swamp_big_swirl
Snake:1:  layout_onion_interference, minmay_shop_star
Snake:2:  layout_onion_interference, grunt_ministairs_14
Snake:3:  layout_onion, basic_altar, minmay_shoptagon, uniq_nikola, uniq_vashnia
Snake:4:  hellmonk_snake_rune_quicksilver_temple, layout_grid_shapes,
          serial_bayou_shore_a, uniq_donald, uniq_aizul
Slime:1:  nicolae_slime_infinislime, layout_caves
Slime:2:  layout_caves, nicolae_slime_crime_time
Slime:3:  layout_caves, nicolae_slime_welcoming_committee
Slime:4:  layout_caves
Slime:5:  slime_pit_nicolae_amoeboid
Orc:1:    layout_caves
Orc:2:    st_orc_open, layout_caves, mines_bat_river, uniq_snorg
Vaults:1: nicolae_vaults_network_s, nicolae_vaults_shrinking_rooms_1, v_misc_1,
          v_misc_27, nicolae_vaults_cornered_office, v_misc_17,
          nicolae_vaults_alarming, layout_vaults_chaotic_city
Vaults:2: nicolae_vaults_cornered_office, nicolae_vaults_three_branches,
          nicolae_vaults_closet_pinwheel_4, ontoclasm_vaults_ring_square,
          nicolae_vaults_specimen_jars, vaults_dpeg_diagonal,
          hangedman_vaults_hat, v_rooms_2, grunt_vaults_swirl,
          nicolae_vaults_circle_grid_a, special_room_vaults [special_room_orc],
          nicolae_vaults_diamond_2, layout_vaults_maze_bifur
Vaults:3: nicolae_vaults_tetromino_Z_2, nicolae_vaults_tetromino_L_2,
          minmay_crypt_entry_simple_sparse, v_misc_10, grunt_vaults_twisty,
          nicolae_vaults_octothorpe, nicolae_vaults_shipping_containers_7,
          nicolae_vaults_storage_closets_2, ontoclasm_vaults_hangar,
          layout_vaults_omnigrid
Vaults:4: vaults_room_fancy_cross, vaults_room_corners, v_misc_16,
          ontoclasm_vaults_shuriken, nicolae_vaults_closet_pinwheel_5,
          nicolae_vaults_tetromino_T_1, vaults_dpeg_ring,
          ontoclasm_vaults_hangar, vaults_room_fancy_cross,
          nicolae_vaults_meeting, nicolae_vaults_what_the_h,
          nicolae_vaults_little_squares_4, ontoclasm_vaults_fault,
          nicolae_vaults_back_hallway, nicolae_vaults_heart-shaped_vault,
          nicolae_vaults_tetromino_T_1, layout_vaults_omnicross, uniq_jory
Depths:1: layout_basic, enter_ziggurat_e, hell_entry, pan_entry,
          kennysheep_generic_room_16, grunt_megastairs_2, serial_bayou_shore_b
Depths:2: kennysheep_funnel, layout_cave_shapes, hellmouth_2,
          grunt_pan_entry_sceptre
Depths:3: mu_elemental_laboratory, layout_gridlike, grunt_hell_entry_dis_old,
          gammafunk_ghost_tricky_traps, nicolae_abyss_entry_one_way_or_another,
          infiniplex_staircase_pool_2, uniq_margery, uniq_mara
Depths:4: grunt_zot_entry_bicorn, layout_cave_pools,
          chequers_serial_rivers_micro_e, abyss_entry_small_statue_room,
          hangedman_coc_ice_floe, minmay_misc_feat_ornament, uniq_xtahua,
          uniq_josephina
Zot:1:    layout_misc_corridors, lemuel_baited_zot_trap, uniq_grunn
Zot:2:    layout_basic
Zot:3:    layout_basic, grunt_megastairs_4
Zot:4:    cheibrodos_zot_enchanting_chambers, layout_concentric_octagons
Zot:5:    layout_misc_corridors, st_stairs_3, grunt_ministairs_8

Skill      XL: |  1  2  3  4  5  6  7  8  9 10 11 12 13 14 15 16 17 18 19 20 21 22 23 24 25 26 |
---------------+-------------------------------------------------------------------------------+-----
Shapeshifting  | 4 5 7 8 9 11 12 15 16 18 19 20 21 22 23 | 23.0
Unarmed Combat | 3 4 5 6 8 11 13 14 16 17 20 22 | 22.0
Dodging        | 3 4 6 9 11 12 14 15 17 18 20 22 23 24 25 27 | 27.0
Fighting       | 3 4 6 7 9 10 11 15 17 18 19 20 21 | 21.5
Evocations     | 4 6 7 8 |  8.0
Shields        | 2 0 |  0.0

Action                     |  1- 3 |  4- 6 |  7- 9 | 10-12 | 13-15 | 16-18 | 19-21 | 22-24 | 25-27 || total
---------------------------+-------+-------+-------+-------+-------+-------+-------+-------+-------++-------
  Melee: Unarmed           |    50 |   138 |    57 |   601 |   969 |  1171 |  1044 |  1053 |   602 ||  5685
         Constrict         |    12 |    38 |    40 |    97 |   111 |   147 |   165 |   180 |   103 ||   893
         Tentacles         |    10 |    38 |    41 |   180 |   359 |   368 |   368 |   396 |   213 ||  1973
         Punch             |       |     5 |     8 |    43 |   151 |   150 |   179 |   204 |   158 ||   898
         Short sword       |       |       |   115 |       |       |       |       |       |       ||   115
         Maw               |       |       |       |   147 |   497 |    77 |       |       |       ||   721
  Throw: Throwing net      |       |       |       |       |       |       |       |     1 |       ||     1
 Invoke: Sacrifice Love    |       |       |     1 |       |       |       |       |       |       ||     1
         Sacrifice Stealth |       |       |       |     1 |       |       |       |       |       ||     1
         Draw Out Power    |       |       |       |     5 |       |       |     1 |       |       ||     6
         Sacrifice Arcana  |       |       |       |     1 |       |       |       |       |       ||     1
         Power Leap        |       |       |       |     2 |     3 |     1 |       |       |       ||     6
         Apocalypse        |       |       |       |     1 |     6 |     1 |     2 |     6 |     4 ||    20
         Sacrifice a Hand  |       |       |       |     1 |       |       |       |       |       ||     1
         Sacrifice Essence |       |       |       |       |     1 |       |       |       |       ||     1
  Evoke: Wand              |       |       |       |    15 |     8 |     1 |       |     2 |     3 ||    29
         Lightning rod     |       |       |       |       |     1 |       |       |       |       ||     1
    Use: Scroll            |       |     4 |     5 |    17 |     2 |     5 |       |     1 |     7 ||    41
         Potion            |       |       |     6 |     9 |     1 |       |       |     4 |     5 ||    25
   Stab: Sleeping          |     5 |     4 |    11 |       |       |       |       |       |       ||    20
         Distracted        |       |       |       |     1 |     6 |     9 |     9 |    19 |     4 ||    48
         Invisible         |       |       |       |     4 |     6 |     3 |     4 |     1 |    12 ||    30
         Paralysed         |       |       |       |     2 |    23 |    12 |     4 |    10 |     7 ||    58
         Confused          |       |       |       |       |       |     1 |       |     3 |       ||     4
         Held in net/web   |       |       |       |       |       |       |       |     3 |       ||     3
 Armour: Skin              |     5 |     6 |    12 |    26 |    96 |   342 |   295 |   295 |   131 ||  1208
  Dodge: Dodged            |    30 |    81 |    93 |   427 |   801 |  2053 |  1875 |  2370 |  1043 ||  8773
  Block: Buckler           |       |       |       |    44 |       |       |       |       |       ||    44
   Form: Maw               |       |       |       |     5 |       |       |       |       |       ||     5
         Beast             |       |       |       |     4 |       |       |       |       |       ||     4
         Statue            |       |       |       |       |       |     1 |       |       |       ||     1

Table legend: (Time is in decaauts)
 A = Elapsed time spent in this place.
 B = Non-inter-level travel time spent in this place.
 C = Inter-level travel time spent in this place.
 D = Time resting spent in this place.
 E = Time spent auto-exploring this place.
 F = Levels seen in this place.
 G = Mean time per level.
                   A        B        C        D        E       F      G
               +--------+--------+--------+--------+--------+-----+--------+
         Total |  59544 |  53755 |   5789 |   8414 |  31211 |  51 | 1167.5 |
       Dungeon |  19582 |  16893 |   2689 |   4093 |   8599 |  15 | 1305.5 |
        Temple |    228 |    190 |     38 |      0 |    177 |   1 |  228.0 |
          Lair |   6809 |   6003 |    806 |    728 |   3675 |   5 | 1361.8 |
         Swamp |   3433 |   3112 |    321 |    220 |   2002 |   4 |  858.2 |
     Snake Pit |   4393 |   4172 |    221 |    322 |   2938 |   4 | 1098.2 |
    Slime Pits |   1730 |   1650 |     80 |    201 |    908 |   5 |  346.0 |
  Orcish Mines |   1553 |   1449 |    104 |    106 |    769 |   2 |  776.5 |
        Vaults |   7203 |   6637 |    566 |    459 |   4820 |   4 | 1800.8 |
        Depths |   6136 |   5569 |    567 |    507 |   3678 |   4 | 1534.0 |
           Zot |   5966 |   5572 |    394 |    491 |   3225 |   5 | 1193.2 |
        Bailey |   1580 |   1580 |      0 |    910 |    144 |   1 | 1580.0 |
      Gauntlet |    925 |    925 |      0 |    373 |    274 |   1 |  925.0 |
               +--------+--------+--------+--------+--------+-----+--------+

Top non-repeatable levels by time:
Vaults:4: 2139 daAuts
Vaults:1: 2071 daAuts
     D:8: 2064 daAuts
    D:12: 1806 daAuts
   Zot:4: 1787 daAuts
    D:14: 1777 daAuts
 Snake:2: 1775 daAuts
Depths:2: 1633 daAuts
  Lair:2: 1620 daAuts
    D:13: 1581 daAuts
  Bailey: 1580 daAuts
Depths:1: 1546 daAuts
Vaults:2: 1546 daAuts
Depths:3: 1510 daAuts
 Slime:5: 1497 daAuts
